 Dungeon Crawl Stone Soup version 0.19-a0-1008-g4c63d25 (webtiles) character file.

205 poirepourri the Skirmisher (level 5, -4/50 HPs)
             Began as a Minotaur Fighter on July 23, 2016.
             Killed by nerve-wracking pain
             ... invoked by an orc priest
              (7 damage)
             ... on level 4 of the Dungeon.
             The game lasted 00:03:31 (2351 turns).

poirepourri the Skirmisher (Minotaur Fighter)       Turns: 2351, Time: 00:03:32

Health: -4/50      AC:  8    Str: 21    XL:     5   Next: 53%
Magic:  4/4        EV:  7    Int:  5    God:
Gold:   165        SH:  9    Dex: 10    Spells: 0 memorised, 4 levels left

rFire  . . .     SeeInvis .     a - +0 war axe
rCold  . . .     Gourm    .     b - +0 scale mail
rNeg   . . .     Faith    .     c - +0 shield
rPois  .         Spirit   .     (helmet restricted)
rElec  .         Dismiss  .     (no cloak)
rCorr  .         Reflect  .     (no gloves)
SustAt .         Harm     .     j - +0 pair of boots
MR     +....                    (no amulet)
Stlth  ..........               (no ring)
                                o - ring of protection from magic

@: somewhat resistant to hostile enchantments, extremely unstealthy
A: retaliatory headbutt, horns 2
a: no special abilities


You were on level 4 of the Dungeon.
You were full.

You visited 1 branch of the dungeon, and saw 4 of its levels.

You collected 165 gold pieces.

Inventory:

Hand Weapons
 a - a +0 war axe (weapon)
Armour
 b - a +0 scale mail (worn)
 c - a +0 shield (worn)
 j - a +0 pair of boots (worn)
Jewellery
 o - a ring of protection from magic (left hand)
Scrolls
 g - a scroll of remove curse {unknown}
Potions
 d - a potion of might
 e - a potion of invisibility
 h - a potion of haste {unknown}
 i - a potion of lignification {unknown}
 k - a potion of flight {unknown}
 l - a potion of resistance {unknown}
 m - a potion of heal wounds {unknown}
 n - a potion of brilliance {unknown}
 p - a potion of berserk rage {unknown}
 r - a potion of agility {unknown}
 t - a potion of magic {unknown}
 u - a potion of cancellation {unknown}
Comestibles
 f - a bread ration
 q - a slice of pizza
 v - a meat ration


   Skills:
 + Level 5.8 Fighting
 + Level 5.0 Axes
 - Level 3.7 Armour
 + Level 1.0 Stealth
 - Level 3.7 Shields


You had 4 spell levels left.
You didn't know any spells.

Dungeon Overview and Level Annotations

Branches:
Dungeon (4/15)
 Temple: D:4-7

Altars:
Pakellas
Qazlal


Innate Abilities, Weirdness & Mutations

You reflexively headbutt those who attack you in melee.
You have a pair of horns on your head.


Message History

Your shield and scale mail prevent you from hitting the orc priest.
The orc priest is severely wounded.
Your shield and scale mail prevent you from hitting something.
The orc priest hits you but does no damage.
Something hits you but does no damage.
You barely miss the orc priest.
The orc priest is severely wounded.
You slash something! You block the orc priest's attack.
You hear some strange, mumbled words.
A puff of flame appears from out of thin air!
The puff of flame hits you!
The orc priest hits you but does no damage.
Something hits you but does no damage.
Okay, then.
You closely miss the orc priest.
The orc priest is severely wounded.
Your shield prevents you from hitting something.
The orc priest mumbles some strange prayers to Beogh against you.
Pain shoots through your body!
You die...

#####... #.#.#
#......# #.#.#
#.###..# ...# #.#
#))# ####..# #.#
#.)# .....# #.# #..#
#...#########.# #..#
#...#......##.###..#
#..@†.........#<...#
#..o#......####..#.#
#...#......# #..#.#
#...#...†..# #..#.#
#...#......# #..#.#
#...#......# ####.#
#.$.#......# .#
#...#......#
#......#


You could see an orc priest.

Vanquished Creatures
  An orc priest (D:4)
  Natasha (D:4)
  An orc wizard (D:4)
  3 adders (D:3)
  5 worms
  A dart slug (D:2)
  A giant gecko (D:1)
  4 orcs (D:4)
  A ball python (D:3)
  4 giant cockroaches
  10 goblins
  11 hobgoblins
  6 jackals (D:3)
  2 quokkas
  12 bats
  4 giant newts
  5 kobolds
  7 rats
79 creatures vanquished.

Notes
Turn   | Place    | Note
-------+----------+-------------------------------------------
     0 | D:1      | poirepourri the Minotaur Fighter began the quest for the Orb.
     0 | D:1      | Reached XP level 1. HP: 19/19 MP: 0/0
   246 | D:1      | Reached XP level 2. HP: 27/27 MP: 1/1
   751 | D:1      | Reached XP level 3. HP: 31/34 MP: 2/2
   932 | D:2      | Found a faded altar of an unknown god.
  1238 | D:2      | Reached skill level 5 in Fighting
  1541 | D:3      | Reached XP level 4. HP: 42/42 MP: 3/3
  1787 | D:3      | Found an oddly glowing altar of Pakellas.
  2036 | D:3      | Found a stormy altar of Qazlal.
  2291 | D:4      | Reached XP level 5. HP: 40/48 MP: 4/4
  2317 | D:4      | Noticed Natasha
  2326 | D:4      | Killed Natasha
  2345 | D:4      | Reached skill level 5 in Axes
  2345 | D:4      | Reached skill level 1 in Stealth
  2348 | D:4      | HP: 2/50 [something (1)]
  2351 | D:4      | Killed from afar by an orc priest

Vault maps used:
D:1:      scummos_arrival_checkerplants
D:2:      ecumenical_altar_2, first_bread
D:3:      lemuel_coloured_pillars_altar, grunt_pakellas_basics
D:4:      corexii_shack_village, serial_shops, shop,
          nicolae_ossuary_entry_monument, uniq_natasha

Skill      XL: |  1  2  3  4  5 |
---------------+----------------+-----
Fighting       | 4 5 |  5.8
Axes           | 3 4 5 |  5.0
Stealth        | 1 |  1.0
Armour         | |  3.7
Shields        | |  3.7

Action                   |  1- 3 |  4- 6 || total
-------------------------+-------+-------++-------
Melee: War axe           |   120 |    67 ||   187
       Headbutt          |    17 |    12 ||    29
  Use: Scroll            |     4 |     2 ||     6
  Eat: Bread ration      |     1 |       ||     1
       Meat ration       |       |     1 ||     1
Armor: Scale mail        |    78 |    33 ||   111
Dodge: Dodged            |    40 |    19 ||    59
Block: Shield            |    85 |    48 ||   133
